 Dungeon Crawl Stone Soup version 0.20-a0-426-gc811625 (webtiles) character file.

12152 Amarein the Covert (level 11, -1/52 HPs)
             Began as a Spriggan Enchanter on Dec 31, 2016.
             Was a Priest of Kikubaaqudgha.
             Slain by a sixfirhy (10 damage)
             ... summoned by a kobold demonologist
             ... on level 12 of the Dungeon.
             The game lasted 01:28:38 (13820 turns).

Amarein the Covert (Spriggan Enchanter)            Turns: 13820, Time: 01:28:38

Health: -1/52      AC:  5    Str:  2 (4)  XL:     11   Next: 58%
Magic:  14/18      EV: 23    Int: 18 (20) God:    Kikubaaqudgha [***...]
Gold:   439        SH: 13    Dex: 15 (17) Spells: 1/18 levels left

rFire  . . .     SeeInvis +     g - +2 dagger (holy)
rCold  . . .     Gourm    .     b - +1 robe
rNeg   . . .     Faith    .     e - +0 buckler
rPois  .         Spirit   .     i - +1 hat
rElec  .         Reflect  +     n - +0 cloak
rCorr  .         Harm     .     (gloves unavailable)
MR     +....                    (boots unavailable)
Stlth  +++++.....               u - +5 amulet of reflection
                                (no ring)
                                (no ring)

@: very slightly contaminated, invisible, very quick
A: unfitting armour, see invisible, herbivore 3, speed 3, slow metabolism 2
a: Receive Corpses, Renounce Religion


You were on level 12 of the Dungeon.
You worshipped Kikubaaqudgha.
Kikubaaqudgha was most pleased with you.
You were not hungry.

You visited 2 branches of the dungeon, and saw 13 of its levels.

You collected 727 gold pieces.
You spent 288 gold pieces at shops.

Inventory:

Hand Weapons
 a - a +2 dagger
 g - a +2 dagger of holy wrath (weapon)
 L - a +1 dagger of protection
Armour
 b - a +1 robe (worn)
 e - a +0 buckler (worn)
 i - a +1 hat (worn)
 n - a +0 cloak (worn)
Jewellery
 p - an uncursed ring of flight
 u - a +5 amulet of reflection (around neck)
 H - a +3 amulet of reflection
Wands
 t - a wand of lightning (7/15)
 E - a wand of flame (21/48)
 I - a wand of acid (8/15)
 K - a wand of paralysis (10/24)
 P - a wand of lightning (8/15)
 Q - a wand of flame (25/48)
Scrolls
 j - 5 scrolls of teleportation
 s - 5 scrolls of remove curse
 v - a scroll of enchant weapon
 x - 2 scrolls of magic mapping
 y - 3 scrolls of recharging
 z - 3 scrolls of noise
 B - a scroll of brand weapon
 G - a scroll of acquirement {unknown}
 J - a scroll of vulnerability {unknown}
Potions
 c - 2 potions of heal wounds {unknown}
 f - 4 potions of curing
 h - 3 potions of might
 l - a potion of beneficial mutation {unknown}
 m - 2 potions of berserk rage {unknown}
 q - 2 potions of invisibility
 r - a potion of ambrosia {unknown}
 w - a potion of brilliance {unknown}
 C - a potion of lignification {unknown}
 D - a potion of mutation {unknown}
 F - a potion of flight {unknown}
 M - 2 potions of agility {unknown}
 R - 3 potions of degeneration
Books
 o - Kikubaaqudgha's Compendium of Darkness
   (Kikubaaqudgha gifted it to you on level 8 of the Dungeon)

   Spells                             Type                      Level
   a - Pain                           Necromancy                   1
   b - Corpse Rot                     Necromancy                   2
   c - Sublimation of Blood           Necromancy                   2
   d - Regeneration                   Charms/Necromancy            3
   e - Control Undead                 Necromancy                   4
 S - Kikubaaqudgha's Handbook of Black Magic
   (Kikubaaqudgha gifted it to you on level 11 of the Dungeon)

   Spells                             Type                      Level
   a - Animate Dead                   Necromancy                   4
   b - Excruciating Wounds            Charms/Necromancy            5
   c - Bolt of Draining               Conjuration/Necromancy       5
   d - Cigotuvi's Embrace             Necromancy                   5
   e - Dispel Undead                  Necromancy                   5
Comestibles
 d - 2 bread rations
 k - a royal jelly
 O - 24 fruits


   Skills:
 + Level 3.4 Fighting
 + Level 8.7 Short Blades
 + Level 8.0 Dodging
 + Level 13.1 Stealth
 * Level 8.1 Shields
 + Level 4.1 Spellcasting
 + Level 8.2 Hexes
 * Level 3.4 Necromancy


You had one spell level left.
You knew the following spells:

 Your Spells              Type           Power        Failure   Level  Hunger
a - Corona                Hex            ####...      1%          1    None
b - Ensorcelled Hibernat  Hex/Ice        ###...       4%          2    ##.....
c - Confuse               Hex            ####....     1%          3    ###....
d - Tukima's Dance        Hex            ####....     1%          3    ###....
e - Dazzling Spray        Conj/Hex       ###...       10%         3    ###....
f - Pain                  Necr           ###.         4%          1    None
g - Control Undead        Necr           ###.......   41%         4    ####...


Dungeon Overview and Level Annotations

Branches:
Dungeon (12/15)            Temple (1/1) D:6            Lair (0/6) D:10
    Orc (0/2) D:10

Altars:
Ashenzari
Cheibriados
Dithmenos
Elyvilon
Fedhas
Gozag
Hepliaklqana
Kikubaaqudgha
Makhleb
Okawaru
Qazlal
Ru
Vehumet
Xom
Beogh

Shops:
D:7 ?}[   D:8 (

Annotations:
D:10 Lair & mines
D:12 Snorg


Innate Abilities, Weirdness & Mutations

You are very small and have problems with some larger weapons.
You are too small for most types of armour.
You have supernaturally acute eyesight. (SInv)
You are a herbivore.
You cover ground extremely quickly.
You need consume almost no food.


Message History

You block the sixfirhy's attack. x2
It was a potion of degeneration.
There was something very wrong with that liquid.
You feel weakened.
You feel dopey.
You feel clumsy.
You feel better.
It was a potion of invisibility.
You fade into invisibility!
The sixfirhy completely misses you. You block the sixfirhy's attack. x2
The sixfirhy misses you.
The deep troll earth mage gestures at the satyr while chanting.
The door shatters!
The blast of rock fragments hits the satyr.
The satyr shouts!
You are very lightly contaminated with residual magic.
The satyr changes into an ice dragon!
The sixfirhy misses you. The sixfirhy hits you.
* * * LOW HITPOINT WARNING * * *
The sixfirhy shocks you!
You die...
Kikubaaqudgha rasps: "You have failed me!
Welcome... death!"

########...# #.......#
.........#.# #.#.#####
.........#.# #.#.#
.........#.## #.#.#
.........#..# #)#.#
......)..##.# #)#.#
.........##)## #..####
..........#..####.#QT#
..........'.....@3#D)#
..........##..##.%..|#
........#####.########
........# #..# #.#
######### ##.# #.#
#.###.#####
#.#.......#
#.#.......#
#.........#


You could see an ice dragon shaped shifter (wandering), a tengu reaver, a deep
troll earth mage and a sixfirhy.

Vanquished Creatures
  4 two-headed ogres
  2 unseen horrors (D:10)
  Pikel (D:4)
  An elephant (D:10)
  A komodo dragon (D:11)
  A kobold demonologist (D:11)
  2 trolls
  Grinder (D:5)
  2 hippogriffs
  Prince Ribbit (D:7)
  A yak (D:10)
  3 vampire mosquitoes (D:11)
  A basilisk (D:10)
  2 hungry ghosts
  A soldier ant (D:11)
  Menkaure (D:4)
  Duvessa (D:5)
  2 water moccasins (D:11)
  2 orc warriors
  4 ice beasts
  9 ogres
  3 sky beasts
  A centaur (D:6)
  A crocodile (D:10)
  A big kobold (D:11)
  5 bullfrogs
  Dowan (D:5)
  2 gnoll sergeants
  12 wights
  2 howler monkeys
  5 crimson imps
  2 centaur zombies (D:7)
  3 quasits
  4 hounds
  An orc wizard (D:5)
  5 orc priests
  2 centaur skeletons
  8 jellies
  A gnoll shaman (D:7)
  A bullfrog skeleton (D:6)
  2 iguanas
  Natasha (thrice) (D:4)
  5 worker ants
  A killer bee zombie (D:5)
  2 worker ant zombies
  20 gnolls
  13 adders
  2 shadow imps (D:5)
  An adder skeleton (D:8)
  2 worms
  2 dart slugs
  7 leopard geckos
  39 orcs
  8 bats
  6 giant cockroaches
  6 goblins
  7 hobgoblins
  5 jackals
  6 kobolds
  7 quokkas
  A ball python (D:3)
  4 frilled lizards
  A jackal zombie (D:8)
  A leopard gecko zombie (D:8)
  A quokka zombie (D:9)
  4 rats
259 creatures vanquished.

Vanquished Creatures (others)
  A dancing weapon (D:10)
  An orc warrior (D:10)
2 creatures vanquished.

Grand Total: 261 creatures vanquished

Notes
Turn   | Place    | Note
-------+----------+-------------------------------------------
     0 | D:1      | Amarein the Spriggan Enchanter began the quest for the Orb.
     0 | D:1      | Reached XP level 1. HP: 9/9 MP: 5/5
    37 | D:1      | Upgraded the game from 0.20-a0-417-ge4f0a7c to 0.20-a0-420-g83c570d
   140 | D:2      | Reached skill level 5 in Stealth
   140 | D:2      | Reached XP level 2. HP: 12/13 MP: 6/6
   379 | D:1      | Learned a level 2 spell: Ensorcelled Hibernation
   681 | D:1      | Reached XP level 3. HP: 15/16 MP: 8/8
   686 | D:1      | Learned a level 3 spell: Confuse
  1169 | D:2      | Reached skill level 6 in Stealth
  1378 | D:2      | Reached XP level 4. HP: 21/21 MP: 6/9
  2091 | D:3      | Reached skill level 1 in Shields
  2338 | D:3      | Reached skill level 7 in Stealth
  2338 | D:3      | Reached XP level 5. HP: 24/24 MP: 10/10
  2844 | D:3      | Learned a level 3 spell: Tukima's Dance
  3057 | D:4      | Noticed Natasha
  3104 | D:5      | Entered Level 5 of the Dungeon
  3122 | D:4      | Killed Natasha
  3162 | D:4      | Reached skill level 8 in Stealth
  3162 | D:4      | Reached XP level 6. HP: 23/28 MP: 6/11
  3286 | D:4      | Noticed Natasha
  3292 | D:4      | Killed Natasha
  3341 | D:4      | Noticed Natasha
  3352 | D:4      | Killed Natasha
  3529 | D:4      | Noticed a slave
  3529 | D:4      | Noticed a slave
  3561 | D:4      | Noticed Pikel
  3595 | D:4      | Noticed a slave
  3596 | D:4      | Noticed a slave
  3597 | D:4      | Killed Pikel
  3597 | D:4      | Reached XP level 7. HP: 31/32 MP: 2/12
  3756 | D:4      | Noticed Menkaure
  3759 | D:4      | Killed Menkaure
  3759 | D:4      | Reached XP level 8. HP: 36/36 MP: 12/14
  4028 | D:5      | Noticed Grinder
  4131 | D:5      | Noticed Duvessa
  4133 | D:5      | Noticed Dowan
  4307 | D:5      | Killed Grinder
  4307 | D:5      | Reached skill level 5 in Hexes
  4398 | D:5      | Found a sacrificial altar of Ru.
  5127 | D:5      | Killed Duvessa
  5127 | D:5      | Reached skill level 5 in Shields
  5157 | D:5      | Killed Dowan
  6243 | D:6      | Found a shattered altar of Ashenzari.
  6251 | D:6      | Reached XP level 9. HP: 39/39 MP: 14/16
  6738 | D:6      | Found a staircase to the Ecumenical Temple.
  6747 | Temple   | Entered the Ecumenical Temple
  6781 | Temple   | Became a worshipper of Kikubaaqudgha
  7393 | D:7      | Noticed Prince Ribbit
  7644 | D:7      | Killed Prince Ribbit
  7644 | D:7      | Reached skill level 1 in Fighting
  7844 | D:7      | Reached skill level 5 in Dodging
  7913 | D:7      | Found Pofaurhe's Magic Scroll Shoppe.
  7921 | D:7      | Bought a scroll of brand weapon for 240 gold pieces
  7921 | D:7      | Bought a scroll of identify for 24 gold pieces
  7921 | D:7      | Bought a scroll of identify for 24 gold pieces
  7960 | D:7      | Found Ponang's Gadget Shop.
  7986 | D:7      | Found Onuat's Antique Armour Shoppe.
  8206 | D:8      | Found Iruqim's Weapon Shop.
  8310 | D:8      | Noticed a two-headed ogre
  8435 | D:8      | Killed a two-headed ogre
  8435 | D:8      | Reached XP level 10. HP: 49/49 MP: 7/17
  8828 | D:8      | Reached * piety under Kikubaaqudgha
  8828 | D:8      | Identified Kikubaaqudgha's Compendium of Darkness (Kikubaaqudgha gifted it to you on level 8 of the Dungeon)
  8828 | D:8      | Received a gift from Kikubaaqudgha
  8835 | D:8      | Learned a level 3 spell: Dazzling Spray
  8837 | D:8      | Learned a level 1 spell: Pain
  8842 | D:8      | Learned a level 4 spell: Control Undead
  9392 | D:9      | Noticed a two-headed ogre
  9416 | D:9      | Killed a two-headed ogre
  9416 | D:9      | Reached skill level 9 in Stealth
 10271 | D:10     | Entered Level 10 of the Dungeon
 10375 | D:10     | Reached skill level 1 in Necromancy
 10507 | D:10     | Noticed a two-headed ogre
 10517 | D:10     | Noticed an elephant
 10545 | D:9      | Killed a two-headed ogre
 10545 | D:9      | Reached skill level 10 in Stealth
 10843 | D:10     | Found a staircase to the Lair.
 10959 | D:10     | Killed an elephant
 11014 | D:10     | Found a roughly hewn altar of Beogh.
 11014 | D:10     | Found a staircase to the Orcish Mines.
 11189 | D:10     | Reached ** piety under Kikubaaqudgha
 11196 | D:10     | Reached XP level 11. HP: 37/52 MP: 2/18
 11411 | D:10     | HP: 1/52 [orc priest/divine providence (15)]
 11477 | D:10     | Reached skill level 11 in Stealth
 11830 | D:10     | Noticed an unseen horror
 11857 | D:10     | Killed an unseen horror
 11858 | D:10     | Upgraded the game from 0.20-a0-420-g83c570d to 0.20-a0-421-gf6b327c
 11923 | D:10     | Upgraded the game from 0.20-a0-421-gf6b327c to 0.20-a0-426-gc811625
 12264 | D:10     | Noticed an unseen horror
 12272 | D:10     | Killed an unseen horror
 12636 | D:11     | Reached skill level 12 in Stealth
 12653 | D:11     | Noticed a two-headed ogre
 12688 | D:11     | Killed a two-headed ogre
 13295 | D:12     | Noticed Snorg
 13421 | D:11     | Reached *** piety under Kikubaaqudgha
 13421 | D:11     | Identified Kikubaaqudgha's Handbook of Black Magic (Kikubaaqudgha gifted it to you on level 11 of the Dungeon)
 13421 | D:11     | Received a gift from Kikubaaqudgha
 13421 | D:11     | Reached skill level 13 in Stealth
 13586 | D:12     | Noticed a tengu reaver
 13587 | D:12     | Found a runed door.
 13742 | D:12     | Noticed a deep troll earth mage
 13752 | D:12     | Noticed a hell hog
 13752 | D:12     | a torpor snail changed into a hell hog
 13756 | D:12     | a hell hog changed into a tyrant leech
 13760 | D:12     | Noticed a minotaur
 13760 | D:12     | a tyrant leech changed into a minotaur
 13762 | D:12     | Noticed an ettin
 13762 | D:12     | a minotaur changed into an ettin
 13766 | D:12     | Noticed a hell hog
 13766 | D:12     | an ettin changed into a hell hog
 13796 | D:12     | Noticed a sixfirhy
 13816 | D:12     | Noticed a satyr
 13816 | D:12     | a slime creature changed into a satyr
 13820 | D:12     | Noticed an ice dragon
 13820 | D:12     | a satyr changed into an ice dragon
 13820 | D:12     | Slain by a sixfirhy

Vault maps used:
D:1:      minmay_arrival_jagged, minivault_27, corexii_hall_statues_i,
          corexii_corridor_pit, corexii_hall_statues_t, minmay_misc_feat_columns
D:2:      minmay_door_path
D:4:      uniq_natasha, uniq_menkaure, uniq_pikel
D:5:      first_bread, grunt_decor_one_mirror, nicolae_ru_the_path_less_chosen,
          uniq_grinder, uniq_duvessa
D:6:      nicolae_ashenzari_panopticon
D:7:      serial_shops, shop, shop, shop, uniq_prince_ribbit1
D:8:      serial_shops, nicolae_shop_waterfront
D:10:     david_lair_generic, david_orc_5
D:11:     blue_anna_alchemist
D:12:     serial_curves, eino_curves_03, eino_curves_04,
          kennysheep_treasure_room, uniq_snorg
Temple:   compressed_dpeg_triangle_lava_temple

Skill      XL: |  1  2  3  4  5  6  7  8  9 10 11 |
---------------+----------------------------------+-----
Stealth        | 5 6 7 8 10 13 | 13.1
Short Blades   | 2 3 6 7 8 |  8.7
Shields        | 1 3 4 5 6 7 8 |  8.1
Spellcasting   | 3 4 |  4.1
Hexes          | 4 7 8 |  8.2
Fighting       | 3 |  3.4
Dodging        | 7 8 |  8.0
Necromancy     | 2 3 |  3.4

Action                   |  1- 3 |  4- 6 |  7- 9 | 10-12 || total
-------------------------+-------+-------+-------+-------++-------
Melee: Dagger            |    98 |    94 |   175 |   406 ||   773
 Cast: Ensorcelled Hiber |     7 |    38 |    98 |   109 ||   252
       Confuse           |       |     1 |    23 |    31 ||    55
       Pain              |       |       |       |     4 ||     4
       Tukima's Dance    |       |       |       |     3 ||     3
       Dazzling Spray    |       |       |       |     1 ||     1
  Use: Scroll            |     1 |     5 |     5 |     9 ||    20
       Potion            |       |       |       |     5 ||     5
 Stab: Sleeping          |    16 |    33 |    51 |    63 ||   163
       Confused          |       |     1 |    16 |    19 ||    36
       Distracted        |       |       |       |     2 ||     2
       Invisible         |       |       |       |     1 ||     1
  Eat: Fruit             |       |     3 |       |     4 ||     7
       Pizza             |       |       |     3 |       ||     3
       Bread ration      |       |       |     1 |     1 ||     2
Armor: Robe              |    20 |     7 |    14 |    12 ||    53
Dodge: Dodged            |    64 |    51 |   105 |   109 ||   329
Block: Buckler           |    20 |    22 |    49 |   149 ||   240
       Reflection        |       |       |       |     4 ||     4
